 Dungeon Crawl Stone Soup version 0.28-a0-1594-ga885d4b3d6 (webtiles) character file.

Game seed: 8271057964020158786

7053 bande the Cleaver (level 11, 0/67 HPs)
             Began as a Gargoyle Fighter on Jan 19, 2022.
             Slain by a two-headed ogre (6 damage)
             ... on level 11 of the Dungeon on Jan 21, 2022.
             The game lasted 00:18:31 (13552 turns).

bande the Cleaver (Gargoyle Fighter)               Turns: 13552, Time: 00:18:32

Health: 0/67       AC: 25    Str: 23    XL:     11   Next: 9%
Magic:  0/11       EV: 11    Int:  8    God:
Gold:   691        SH: 10    Dex: 13    Spells: 10/10 levels left

rFire   . . .      SeeInvis +   e - +3 war axe
rCold   . . .      Faith    .   k - +0 kite shield
rNeg    + . .      Spirit   +   x - +0 chain mail
rPois   ∞          Reflect  .   c - +2 helmet {SInv}
rElec   +          Harm     .   n - +2 cloak
rCorr   .          Rampage  .   (no gloves)
Will    .....                   (no boots)
Stlth   ..........              t - amulet of guardian spirit
HPRegen 0.21/turn               i - +4 ring of evasion
MPRegen 0.12/turn               r - ring of see invisible

@: no status effects
A: sickness immunity, AC +8, negative energy resistance 1, electricity
resistance, torment resistance 1, petrification resistance, strong 1
a: no special abilities


You were on level 11 of the Dungeon.
You visited 3 branches of the dungeon, and saw 13 of its levels.

You collected 691 gold pieces.

Inventory:

Hand Weapons
 a - a +1 war axe
 e - a +3 war axe (weapon)
 s - a +1 flail
Missiles
 y - 5 throwing nets (quivered)
Armour
 c - a +2 helmet of see invisible (worn)
 k - a +0 kite shield (worn)
 n - a +2 cloak (worn)
 x - a +0 chain mail (worn)
Jewellery
 b - a ring of positive energy
 i - a +4 ring of evasion (left hand)
 r - a ring of see invisible (right hand)
 t - an amulet of guardian spirit (around neck)
 u - an amulet of reflection
 w - an amulet of magic regeneration
 B - an amulet of faith
Wands
 o - a wand of digging (8)
 q - a wand of mindburst (12)
Scrolls
 f - 5 scrolls of identify
 h - 7 scrolls of teleportation
 j - 3 scrolls of blinking
 l - a scroll of enchant weapon
 v - a scroll of fog
 z - a scroll of amnesia
Potions
 d - 4 potions of might
 g - 4 potions of curing
 m - a potion of haste
 p - a potion of invisibility


   Skills:
 + Level 7.5 Fighting
 + Level 10.4 Axes
 + Level 8.6 Armour
 + Level 7.3 Shields
 * Level 4.9 Evocations


You had 10 spell levels left.
You didn't know any spells.
Your spell library contained the following spells:

 Spells                   Type           Power      Damage    Failure   Level
 Magic Dart               Conj           0%         1d3       100%        1
 Summon Small Mammal      Summ           0%         N/A       100%        1
 Call Imp                 Summ           0%         N/A       100%        2
 Call Canine Familiar     Summ           0%         N/A       100%        3
 Confusing Touch          Hex            0%         N/A       100%        3
 Dazzling Flash           Conj/Hex       0%         N/A       100%        3
 Mephitic Cloud           Conj/Pois/Air  0%         N/A       100%        3
 Ozocubu's Armour         Ice            0%         N/A       100%        3
 Summon Guardian Golem    Hex/Summ       0%         N/A       100%        3
 Agony                    Necr           0%         N/A       100%        5
 Metabolic Englaciation   Hex/Ice        0%         N/A       100%        5
 Silence                  Hex/Air        0%         N/A       100%        5
 Yara's Violent Unravell  Hex/Tmut       0%         3d3       100%        5
 Simulacrum               Ice/Necr       0%         N/A       100%        6
 Enfeeble                 Hex            0%         N/A       100%        7


Dungeon Overview and Level Annotations

Branches:
Dungeon (9/15)             Temple (1/1) D:6            Lair (2/6) D:8
  Swamp: Lair:2-4    Shoals: Lair:2-4     Snake: Lair:2-4    Spider: Lair:2-4
    Orc: D:9-12

Altars:
Ashenzari
Cheibriados
Dithmenos
Elyvilon
Fedhas
Gozag
Hepliaklqana
Makhleb
Nemelex Xobeh
Qazlal
Ru
Sif Muna
Trog
Uskayaw
Vehumet
Wu Jian
Xom
Yredelemnul
Zin
The Shining One

Shops:
D:4 [   D:5 *


Innate Abilities, Weirdness & Mutations

You are immune to sickness and miasma.
Your stone body is resilient. (AC +8)
You are immune to poison.
You resist negative energy. (rN+)
You are resistant to electric shocks. (rElec)
You are resistant to unholy torment.
You are immune to petrification.
Your muscles are strong. (Str +2)


Message History

No target in view!
You now have 691 gold pieces (gained 10).
A two-headed ogre comes into view.
It is wielding a +0 giant spiked club and a +0 giant club.
The two-headed ogre shouts in stereo!
The cyclops throws a large rock.
The large rock hits you!
You barely miss the two-headed ogre.
The two-headed ogre hits you with a +0 giant spiked club.
The two-headed ogre misses you.
You slash the two-headed ogre!
The two-headed ogre is lightly wounded.
You hit the cyclops. You block the two-headed ogre's attack.
The two-headed ogre barely misses you. The cyclops hits you!
You barely miss the two-headed ogre.
The two-headed ogre is lightly wounded.
You slash the cyclops!
The two-headed ogre hits you but does no damage. x2
You block the cyclops's attack.
You barely miss the cyclops.
The cyclops is moderately wounded.
You hit the two-headed ogre.
The two-headed ogre hits you with a +0 giant spiked club!
The two-headed ogre hits you but does no damage.
The cyclops hits you!
You are too injured to fight recklessly!
You are too injured to fight recklessly!
You are too injured to fight recklessly!
You are too injured to fight recklessly!
Unknown command.
You barely miss the two-headed ogre.
The two-headed ogre is lightly wounded.
You slash the cyclops!
The two-headed ogre hits you with a +0 giant spiked club!!
* * * LOW HITPOINT WARNING * * *
The two-headed ogre hits you but does no damage.
You hit the two-headed ogre.
The two-headed ogre is moderately wounded.
You completely miss the cyclops. The cyclops hits you!
* * * LOW HITPOINT WARNING * * *
The two-headed ogre hits you with a +0 giant spiked club!
You die...

#####...#
#.......#
#......#
#......#####
+...........
#.......###
#+#.......#
...........#
.........@..#
.........OC.#
............#
..............
...............
..^.............
...............
...............


You could see a two-headed ogre and a cyclops.

Vanquished Creatures
  Harold (D:8)
  A cane toad (Lair:2)
  2 komodo dragons (D:8)
  2 wyverns (D:8)
  A wraith (D:9)
  5 yaks (D:8)
  A basilisk (D:8)
  A swamp drake (D:8)
  A hornet zombie (D:6)
  2 orc warriors
  An ice beast (D:5)
  A sky beast (D:6)
  2 black bears
  4 ogres
  A centaur (D:6)
  2 phantoms (D:5)
  A kobold brigand (D:8)
  7 bullfrogs
  A wyvern zombie (D:8)
  A gnoll sergeant (D:6)
  3 scorpions
  A wyvern skeleton (D:6)
  3 water moccasin skeletons
  9 wights
  11 killer bees
  2 jellies (D:5)
  2 electric eels (D:8)
  5 howler monkeys
  A bullfrog zombie (D:6)
  6 orc priests
  A bullfrog skeleton (D:6)
  2 centaur skeletons
  A hound (D:4)
  4 iguanas
  7 orc wizards
  A hound zombie (D:5)
  A howler monkey skeleton (D:7)
  6 adders
  5 gnolls (D:6)
  2 shadow imps
  2 white imps
  3 worms
  3 dart slugs
  27 orcs
  7 endoplasms
  3 giant cockroaches
  5 goblins
  4 hobgoblins
  16 kobolds
  A quokka (D:1)
  4 ball pythons
  6 bats
  A frilled lizard (D:1)
  2 rats
195 creatures vanquished.

Vanquished Creatures (others)
  4 fungi (D:4)
  7 plants
11 creatures vanquished.

Grand Total: 206 creatures vanquished

Notes
Turn   | Place    | Note
-------+----------+-------------------------------------------
     0 | D:1      | bande the Gargoyle Fighter began the quest for the Orb.
     0 | D:1      | Reached XP level 1. HP: 14/14 MP: 1/1
   149 | D:1      | Reached XP level 2. HP: 19/19 MP: 2/2
   281 | D:1      | Reached skill level 2 in Axes
   680 | D:2      | Reached XP level 3. HP: 23/23 MP: 3/3
  1373 | D:2      | Found a faded altar of an unknown god.
  1804 | D:3      | Noticed a scorpion
  1811 | D:3      | Killed a scorpion
  1812 | D:3      | Reached skill level 3 in Axes
  1812 | D:3      | Reached XP level 4. HP: 19/29 MP: 4/4
  1961 | D:3      | Reached XP level 5. HP: 16/33 MP: 5/5
  2533 | D:3      | Reached skill level 4 in Axes
  2778 | D:3      | Found a radiant altar of Vehumet.
  2854 | D:3      | Reached XP level 6. HP: 29/38 MP: 6/6
  3494 | D:4      | Noticed a black bear
  3499 | D:4      | Killed a black bear
  3504 | D:4      | Reached skill level 5 in Armour
  3505 | D:4      | Found a snail-covered altar of Cheibriados.
  3546 | D:4      | Gained mutation: You have large cloven feet. [potion of
                  | mutation]
  3546 | D:4      | Gained mutation: You are somewhat resistant to further
                  | mutation. [potion of mutation]
  3547 | D:4      | Lost mutation: You are somewhat resistant to further
                  | mutation. [potion of mutation]
  3547 | D:4      | Lost mutation: You have large cloven feet. [potion of
                  | mutation]
  3547 | D:4      | Gained mutation: Your muscles are strong. (Str +2) [potion
                  | of mutation]
  3590 | D:4      | Reached XP level 7. HP: 37/44 MP: 7/7
  3849 | D:4      | Found a basalt altar of Yredelemnul.
  3941 | D:4      | Found Xaryocvo's Armour Boutique.
  4036 | D:4      | Reached skill level 5 in Axes
  4633 | D:5      | Entered Level 5 of the Dungeon
  5063 | D:4      | Reached skill level 5 in Fighting
  5068 | D:4      | Reached XP level 8. HP: 6/49 MP: 8/8
  5660 | D:5      | Reached skill level 6 in Axes
  5851 | D:5      | Reached skill level 5 in Shields
  6262 | D:5      | Reached skill level 7 in Axes
  6836 | D:5      | Reached XP level 9. HP: 52/55 MP: 9/9
  7088 | D:5      | Found a shadowy altar of Dithmenos.
  7125 | D:5      | Upgraded the game from 0.28-a0-1567-g1695149f81 to
                  | 0.28-a0-1594-ga885d4b3d6
  7201 | D:5      | Found a glowing silver altar of Zin.
  7203 | D:5      | Found Zin's Purification Station.
  7372 | D:6      | Found a staircase to the Ecumenical Temple.
  7382 | Temple   | Entered the Ecumenical Temple
  7543 | D:6      | Reached skill level 1 in Evocations
  7754 | D:6      | Found a hazy altar of Hepliaklqana.
  7861 | D:6      | Reached skill level 8 in Axes
  8841 | D:6      | Found a sacrificial altar of Ru.
  9405 | D:7      | Reached XP level 10. HP: 61/61 MP: 10/10
  9588 | D:7      | Reached skill level 9 in Axes
  9863 | D:7      | Found a white marble altar of Elyvilon.
  9888 | D:7      | Found an ornate altar of the Wu Jian Council.
 10703 | D:8      | Noticed Harold
 10744 | D:8      | Killed Harold
 11308 | D:8      | Reached skill level 10 in Axes
 11551 | D:8      | Found a staircase to the Lair.
 11840 | D:8      | Found a hide-covered altar of Uskayaw.
 12324 | Lair:1   | Entered Level 1 of the Lair of Beasts
 12551 | Lair:1   | Identified the -3 pair of gloves "Gevvi" {Rampage +Inv
                  | Dex+8 Slay-2}
 12923 | Lair:2   | Noticed a cane toad
 12929 | Lair:2   | Killed a cane toad
 12930 | Lair:2   | Reached XP level 11. HP: 67/67 MP: 11/11
 13538 | D:9      | You fall into a shaft and drop 2 floors!
 13540 | D:11     | Noticed a cyclops
 13543 | D:11     | Noticed a two-headed ogre
 13552 | D:11     | Slain by a two-headed ogre

Illustrated notes

Levels and vault maps discovered:
D:1:      roderic_octagonal_star, layout_rooms, kennysheep_flooded_box
D:2:      minmay_spotlight, layout_loops_cross, shapermc_ecumenical_altar_gd,
          nicolae_concentric_dashed_squares_mild
D:3:      layout_basic, mainiacjoe_overflow_alcove_2
D:4:      layout_basic, mainiacjoe_overflow_chevrons, lemuel_crystal_altar,
          serial_shops, shop_statue
D:5:      layout_basic, mainiacjoe_overflow_brackets, zin_purify, minmay_bent
D:6:      layout_loops_ring, general_overflow_altar, amcnicky_altar_gilded,
          lemuel_temple_firewalk_b
D:7:      layout_layer_cave, mainiacjoe_overflow_large_starburst
D:8:      layout_basic, nicolae_uskayaw_dance_studio, erik_lair_dragon,
          chequers_garden, serial_bayou_ford_a, uniq_harold
D:9:      layout_loops_cross, lemuel_zombie_altar_kikubaaqudgha,
          minmay_statue_crystal_thing
D:11:     layout_irregular_city, david_orc_1_choice, ebering_ghost_rock_garden
Temple:   compressed_dpeg_circular_temple
Lair:1:   layout_regular_city, minivault_25, lemuel_old_faithful
Lair:2:   layout_misc_corridors, uniq_gastronok

Skill      XL: |  1  2  3  4  5  6  7  8  9 10 |
---------------+-------------------------------+-----
Axes           | 2 3 4 5 7 8 10 | 10.4
Armour         | 4 5 6 7 8 |  8.6
Fighting       | 4 5 6 7 |  7.5
Shields        | 4 5 6 7 |  7.3
Evocations     | 3 4 |  4.9

Action                   |  1- 3 |  4- 6 |  7- 9 | 10-12 || total
-------------------------+-------+-------+-------+-------++-------
Melee: War axe           |    72 |    67 |   325 |   214 ||   678
  Use: Scroll            |     6 |     2 |     4 |     3 ||    15
       Potion            |       |     2 |     2 |       ||     4
 Stab: Confused          |       |       |       |     3 ||     3
Armor: Scale mail        |    51 |    32 |   259 |     3 ||   345
       Chain mail        |       |       |       |    77 ||    77
Dodge: Dodged            |    27 |    23 |   176 |    89 ||   315
Block: Buckler           |    15 |    16 |       |       ||    31
       Kite shield       |       |       |   199 |    96 ||   295

Table legend: (Time is in decaauts)
 A = Elapsed time spent in this place.
 B = Non-inter-level travel time spent in this place.
 C = Inter-level travel time spent in this place.
 D = Time resting spent in this place.
 E = Time spent auto-exploring this place.
 F = Levels seen in this place.
 G = Mean time per level.
                   A        B        C        D        E       F      G
               +--------+--------+--------+--------+--------+-----+--------+
         Total |  13766 |  13263 |    503 |   4067 |   7151 |  13 | 1058.9 |
       Dungeon |  12814 |  12353 |    461 |   3867 |   6535 |  10 | 1281.4 |
        Temple |     85 |     85 |      0 |      0 |     67 |   1 |   85.0 |
          Lair |    866 |    824 |     42 |    200 |    549 |   2 |  433.0 |
               +--------+--------+--------+--------+--------+-----+--------+

Top non-repeatable levels by time:
     D:4: 2550 daAuts
     D:8: 1937 daAuts
     D:6: 1751 daAuts
     D:5: 1642 daAuts
     D:7: 1460 daAuts
     D:3: 1429 daAuts
     D:2: 1197 daAuts
  Lair:1: 855 daAuts
     D:1: 604 daAuts
     D:9: 226 daAuts
  Temple: 85 daAuts
    D:11: 14 daAuts
  Lair:2: 10 daAuts
